[Event "ICC tourney 2355 (60 10)"]
[Site "Internet Chess Club"]
[Date "2021.01.30"]
[Round "2"]
[White "megaespeon"]
[Black "AarushB"]
[Result "0-1"]
[ICCResult "White checkmated"]
[WhiteElo "563"]
[BlackElo "932"]
[Opening "Queen's pawn: London system"]
[ECO "A45"]
[NIC "QP.07"]
[Time "13:02:27"]
[PlyCount "66"]
[TimeControl "3600+10"]

1. d4 Nf6 2. Bf4 g6 3. e3 d6 4. h4 Bg7 5. h5 Nxh5 6. Rxh5 gxh5 7. Qxh5 O-O
8. Bd3 f5 9. Nc3 Qe8 10. O-O-O Qxh5 11. Nf3 Be6 12. Ng5 Qg6 13. Nxe6 Qxe6
14. b3 Qd7 15. Bc4+ d5 16. Bxd5+ Kh8 17. Be5 Bxe5 18. dxe5 Nc6 19. f4 e6
20. Bxe6 Qxe6 21. g3 Rad8 22. Rh1 Rf7 23. a3 Rg7 24. Kb2 Rg6 25. Rg1 Rdg8
26. g4 Rxg4 27. Ra1 Rg1 28. Ra2 R8g2 29. a4 Rf1 30. Ka3 Rff2 31. b4 Rxc2
32. a5 Rxa2+ 33. Nxa2 Qxa2# { White checkmated } 0-1

[Event "ICC tourney 2355 (60 10)"]
[Site "Internet Chess Club"]
[Date "2021.01.30"]
[Round "2"]
[White "joshuakps77"]
[Black "santiagoF-hces"]
[Result "0-1"]
[ICCResult "White checkmated"]
[WhiteElo "1099"]
[BlackElo "326"]
[Opening "Caro-Kann: two knights variation"]
[ECO "B11"]
[NIC "CK.01"]
[Time "13:01:55"]
[PlyCount "90"]
[TimeControl "3600+10"]

1. e4 c6 2. Nc3 d5 3. Nf3 dxe4 4. Nxe4 Bf5 5. Ng3 Bg6 6. Bc4 Nf6 7. Ne5 e6
8. Nxg6 hxg6 9. O-O Bd6 10. d3 Bxg3 11. fxg3 O-O 12. Bg5 Nbd7 13. Qf3 Qb6+
14. Kh1 Qxb2 15. Rab1 Qxc2 16. Rfc1 Qa4 17. Rxb7 Ne5 18. Qf4 Nxc4 19. Qxc4
Qxc4 20. Rxc4 Rfb8 21. Rcb4 Rxb7 22. Rxb7 Rd8 23. Rb3 c5 24. Kg1 Rd5 25.
Kf2 Rxg5 26. Kf3 Rf5+ 27. Ke3 Nd5+ 28. Ke4 Nf6+ 29. Ke3 Rf1 30. Ke2 Rg1 31.
Kf3 Rd1 32. Ke2 Rh1 33. h3 Nh5 34. g4 Nf4+ 35. Kf3 Rf1+ 36. Kg3 Ne2+ 37.
Kh4 Rf2 38. g3 Rg2 39. Rb2 f6 40. Rd2 g5+ 41. Kh5 Nxg3+ 42. Kg6 Rxd2 43. a4
Ne2 44. Kh5 Rxd3 45. Kg6 Nf4# { White checkmated } 0-1

[Event "ICC tourney 2355 (60 10)"]
[Site "Internet Chess Club"]
[Date "2021.01.30"]
[Round "2"]
[White "liznemiroff"]
[Black "rubblepup"]
[Result "1-0"]
[ICCResult "Black checkmated"]
[WhiteElo "969"]
[BlackElo "1288"]
[Opening "QGD: Tarrasch defense"]
[ECO "D32"]
[NIC "TD.10"]
[Time "13:06:42"]
[PlyCount "131"]
[TimeControl "3600+10"]

1. d4 d5 2. c4 e6 3. Nc3 c5 4. dxc5 d4 5. Nb5 a6 6. Nxd4 Bxc5 7. e3 e5 8.
Nb3 Bb4+ 9. Bd2 Bxd2+ 10. Qxd2 Qxd2+ 11. Nxd2 Nf6 12. Ngf3 Nc6 13. Be2 O-O
14. O-O Be6 15. Rac1 Rac8 16. Ng5 Bf5 17. e4 Bg4 18. Bxg4 Nxg4 19. h3 Nf6
20. Ngf3 Rfd8 21. Nb3 Re8 22. Nc5 Na5 23. b4 Nc6 24. a3 Rb8 25. Rfd1 a5 26.
b5 Na7 27. a4 Rbc8 28. Nxb7 Re7 29. Nxa5 Nxe4 30. Re1 Nc5 31. Rxe5 Rxe5 32.
Nxe5 Nxa4 33. Nec6 Nxc6 34. Nxc6 Nb6 35. Ne7+ Kf8 36. Nxc8 Nxc8 37. c5 Na7
38. b6 Nc6 39. Rd1 Ke7 40. Rd6 Nb8 41. b7 f6 42. f4 h6 43. g4 Ke8 44. c6
Ke7 45. Rd7+ Ke8 46. c7 Nxd7 47. c8=Q+ Ke7 48. Qxd7+ Kxd7 49. b8=Q Ke6 50.
Qf8 Kd5 51. Qe7 Kd4 52. Qe6 Kc5 53. Qe4 Kd6 54. f5 Kc5 55. Qd3 Kc6 56. Qd4
Kb5 57. Qc3 Kb6 58. Qc4 Kb7 59. Qc5 Ka6 60. Qb4 Ka7 61. Kf2 Ka8 62. Ke3 Ka7
63. Kd4 Ka8 64. Kc5 Ka7 65. Kc6 Ka8 66. Qb7# { Black checkmated } 1-0

[Event "ICC tourney 2355 (60 10)"]
[Site "Internet Chess Club"]
[Date "2021.01.30"]
[Round "2"]
[White "Lkonzelmann"]
[Black "chessimposter"]
[Result "1-0"]
[ICCResult "Black checkmated"]
[WhiteElo "386"]
[BlackElo "997"]
[Opening "Sicilian: closed"]
[ECO "B23"]
[NIC "SI.44"]
[Time "13:02:34"]
[PlyCount "79"]
[TimeControl "3600+10"]

1. e4 c5 2. Nc3 d6 3. Bc4 Nc6 4. Nf3 g6 5. h3 Bg7 6. d3 Nf6 7. O-O O-O 8.
Nd5 Be6 9. Nxf6+ Bxf6 10. Bxe6 fxe6 11. Bg5 Bg7 12. Rb1 d5 13. exd5 exd5
14. Qd2 c4 15. Bh6 cxd3 16. Bxg7 Kxg7 17. cxd3 Rc8 18. Ng5 Qd7 19. Rfe1
Rce8 20. Ne6+ Kg8 21. Nxf8 Rxf8 22. Qe2 a6 23. Qe6+ Qxe6 24. Rxe6 Nd4 25.
Re5 e6 26. b3 b5 27. f3 a5 28. Kf2 Rc8 29. Ke3 Nf5+ 30. Kd2 Nd4 31. Rc1 Rb8
32. Rc5 a4 33. Kc3 Nf5 34. Rxe6 d4+ 35. Kd2 Ne3 36. Rec6 Kg7 37. Rc7+ Kh6
38. g4 Rf8 39. g5+ Kh5 40. Rxh7# { Black checkmated } 1-0

[Event "ICC tourney 2355 (60 10)"]
[Site "Internet Chess Club"]
[Date "2021.01.30"]
[Round "2"]
[White "zman-g"]
[Black "petitejudo"]
[Result "0-1"]
[ICCResult "White checkmated"]
[WhiteElo "771"]
[BlackElo "1162"]
[Opening "Scandinavian (center counter) defense"]
[ECO "B01"]
[NIC "SD.01"]
[Time "13:02:34"]
[PlyCount "68"]
[TimeControl "3600+10"]

1. e4 d5 2. exd5 Qxd5 3. Nc3 Qa5 4. Nf3 c6 5. Bc4 Nf6 6. O-O Bg4 7. h3 Bh5
8. d3 e6 9. Re1 Bd6 10. d4 Nbd7 11. Bd2 Qc7 12. Be2 O-O-O 13. Ng5 Bxe2 14.
Qxe2 Rdf8 15. Nf3 h6 16. Ne5 g5 17. Nxd7 Nxd7 18. Rad1 Rfg8 19. Ne4 Bf4 20.
g3 Bxd2 21. Rxd2 f5 22. Nc5 Nxc5 23. dxc5 f4 24. Qxe6+ Kb8 25. Rd7 Qc8 26.
Qd6+ Ka8 27. Ree7 Rd8 28. Qe6 Rxd7 29. Rxd7 Re8 30. Qd6 fxg3 31. fxg3 h5
32. Rc7 Qxh3 33. Rxc6 Re1+ 34. Kf2 Qf1# { White checkmated } 0-1

[Event "ICC tourney 2355 (60 10)"]
[Site "Internet Chess Club"]
[Date "2021.01.30"]
[Round "2"]
[White "Leochess2020"]
[Black "Gabriel-PS165"]
[Result "1-0"]
[ICCResult "Black checkmated"]
[WhiteElo "894"]
[BlackElo "561"]
[Opening "Sicilian: Pin variation (Sicilian counter-attack)"]
[ECO "B41"]
[NIC "SI.41"]
[Time "13:02:11"]
[PlyCount "113"]
[TimeControl "3600+10"]

1. e4 c5 2. Nf3 e6 3. d4 cxd4 4. Nxd4 Nf6 5. Nc3 Bb4 6. Bd3 Nc6 7. Nxc6
bxc6 8. O-O d6 9. a3 Bxc3 10. bxc3 Bd7 11. f4 e5 12. fxe5 dxe5 13. Bg5 Rg8
14. Qf3 Qb6+ 15. Kh1 c5 16. Bxf6 Qxf6 17. Qxf6 gxf6 18. Rxf6 Rd8 19. Bc4
Rg7 20. Raf1 Be6 21. Bxe6 fxe6 22. Rxe6+ Kd7 23. Rxe5 Kc6 24. Rf6+ Kb5 25.
h3 Rd2 26. g4 Rxc2 27. Rf3 Rd7 28. Rd5 Rb7 29. Rd1 Ka4 30. Rf4 Rxc3 31. e5+
Kxa3 32. Ra1+ Kb2 33. Rff1 Rxh3+ 34. Kg2 Rhb3 35. Rab1+ Kc3 36. Rf3+ Kc4
37. Rfxb3 Rxb3 38. Rxb3 Kxb3 39. e6 c4 40. e7 c3 41. e8=Q c2 42. Qb5+ Kc3
43. Qc5+ Kb2 44. Qb4+ Kc1 45. Kf2 Kd1 46. Qd4+ Kc1 47. Ke2 Kb1 48. Qb4+ Ka2
49. Qc3 a6 50. Qxc2+ Ka1 51. Qa4+ Kb2 52. Qxa6 Kc3 53. Qa4 Kb2 54. Kd2 Kb1
55. Qb3+ Ka1 56. Kc2 h5 57. Qb2# { Black checkmated } 1-0

[Event "ICC tourney 2355 (60 10)"]
[Site "Internet Chess Club"]
[Date "2021.01.30"]
[Round "2"]
[White "SpeyerZivaM"]
[Black "AidanMc2013"]
[Result "0-1"]
[ICCResult "White checkmated"]
[WhiteElo "866"]
[BlackElo "464"]
[Opening "Giuoco Piano"]
[ECO "C53"]
[NIC "IG.02"]
[Time "13:02:34"]
[PlyCount "78"]
[TimeControl "3600+10"]

1. e4 e5 2. Nf3 Nc6 3. Bc4 Bc5 4. c3 d6 5. d3 Be6 6. Bb3 Qd7 7. O-O O-O-O
8. d4 exd4 9. cxd4 Bxb3 10. Qxb3 Bxd4 11. Nxd4 Nxd4 12. Qb4 Nc2 13. Qc3
Nxa1 14. Qxg7 Ne7 15. Na3 Rdg8 16. Qf6 Qh3 17. g3 Nc6 18. b3 Rg6 19. Qxh8+
Nd8 20. Qxa1 b6 21. Nb5 Kb8 22. Qh8 Qc8 23. Re1 Kb7 24. e5 dxe5 25. Rxe5
Rc6 26. Re8 Rxc1+ 27. Kg2 Qd7 28. Rxd8 Qxb5 29. Qxh7 Qc6+ 30. Kh3 Rh1 31.
f4 Qe6+ 32. g4 Qe3+ 33. Kh4 Rxh2+ 34. Kg5 Rxh7 35. Rd7 Qe2 36. Kf5 Qb5+ 37.
Rd5 Qxd5+ 38. Kf6 Qe6+ 39. Kg5 Qg6# { White checkmated } 0-1

[Event "ICC tourney 2355 (60 10)"]
[Site "Internet Chess Club"]
[Date "2021.01.30"]
[Round "2"]
[White "CaptainAL13"]
[Black "Criminaltacos"]
[Result "1-0"]
[ICCResult "Black checkmated"]
[WhiteElo "834"]
[BlackElo "1208"]
[Opening "French: Steinitz variation"]
[ECO "C11"]
[NIC "FR.04"]
[Time "13:02:34"]
[PlyCount "73"]
[TimeControl "3600+10"]

1. e4 e6 2. d4 d5 3. Nc3 Nf6 4. e5 Nfd7 5. Nf3 c5 6. Be3 cxd4 7. Bxd4 Nc6
8. Bb5 a6 9. Ba4 b5 10. Bb3 Nxd4 11. Qxd4 Bc5 12. Qd1 Qb6 13. O-O Bb7 14.
Ne2 Qc6 15. Nfd4 Bxd4 16. Nxd4 Qc7 17. f4 h5 18. Kh1 h4 19. Qg4 Ke7 20.
Qg5+ Kf8 21. f5 Qxe5 22. Nxe6+ Ke8 23. Rae1 Qd6 24. Nxg7+ Kf8 25. Ne6+ fxe6
26. fxe6+ Ke8 27. Qg7 Kd8 28. Qxh8+ Kc7 29. Qg7 Qc6 30. Qxd7+ Qxd7 31. exd7
Kxd7 32. Rf7+ Kc6 33. Re6+ Kc5 34. Rxb7 a5 35. Rd7 Rf8 36. Rxd5+ Kb4 37.
c3# { Black checkmated } 1-0

[Event "ICC tourney 2355 (60 10)"]
[Site "Internet Chess Club"]
[Date "2021.01.30"]
[Round "2"]
[White "arjunbps10"]
[Black "NYCchesskid"]
[Result "0-1"]
[ICCResult "White checkmated"]
[WhiteElo "919"]
[BlackElo "591"]
[Opening "Benko's opening"]
[ECO "A00"]
[NIC "VO.09"]
[Time "13:01:42"]
[PlyCount "58"]
[TimeControl "3600+10"]

1. g3 e5 2. Bg2 Nf6 3. d3 d5 4. Nf3 Nc6 5. O-O Bc5 6. Be3 Bxe3 7. fxe3 O-O
8. Nc3 Bg4 9. d4 exd4 10. exd4 Qd7 11. Ne5 Nxe5 12. dxe5 Ne8 13. Bxd5 c6
14. Bf3 Qf5 15. e4 Qe6 16. Bxg4 Qxe5 17. Rf5 Qe6 18. Rg5 Qc4 19. Qd2 Nf6
20. Qf4 Qd4+ 21. Kg2 Nxg4 22. Qxg4 Qd2+ 23. Kh1 Rad8 24. Rd1 Qf2 25. Rxg7+
Kh8 26. Rg1 Rd2 27. Qh3 Kxg7 28. Qg4+ Kh8 29. e5 Qxh2# { White checkmated }
0-1

[Event "ICC tourney 2355 (60 10)"]
[Site "Internet Chess Club"]
[Date "2021.01.30"]
[Round "2"]
[White "Phineashrad"]
[Black "bangingcuberyt"]
[Result "1-0"]
[ICCResult "Black resigns"]
[WhiteElo "962"]
[BlackElo "612"]
[Opening "Caro-Kann: advance variation"]
[ECO "B12"]
[NIC "CK.04"]
[Time "13:02:00"]
[PlyCount "73"]
[TimeControl "3600+10"]

1. e4 c6 2. d4 d5 3. e5 Bf5 4. Bd3 Bg6 5. Nc3 e6 6. Nf3 Nd7 7. a3 c5 8.
dxc5 Bxc5 9. Be3 Bxe3 10. fxe3 Ne7 11. O-O Nc5 12. Bb5+ Nd7 13. Rc1 a6 14.
Ba4 b5 15. Bb3 Bh5 16. Qd4 Nf5 17. Qd2 Bxf3 18. Rxf3 O-O 19. Bxd5 Ne7 20.
Bxa8 Qxa8 21. Qxd7 Ng6 22. Qd4 Rd8 23. Qe4 b4 24. Qxa8 Rxa8 25. axb4 Nh4
26. Rff1 Rb8 27. Rcd1 h6 28. Rf4 Ng6 29. Rc4 Nxe5 30. Rcd4 Nc6 31. Rd6 Nxb4
32. Rd8+ Rxd8 33. Rxd8+ Kh7 34. Ra8 Nxc2 35. Rxa6 Nxe3 36. b4 Nc4 37. b5 {
Black resigns } 1-0

[Event "ICC tourney 2355 (60 10)"]
[Site "Internet Chess Club"]
[Date "2021.01.30"]
[Round "2"]
[White "hannahchan"]
[Black "DavidNest"]
[Result "0-1"]
[ICCResult "White checkmated"]
[WhiteElo "961"]
[BlackElo "1229"]
[Opening "QP counter-gambit (elephant gambit)"]
[ECO "C40"]
[NIC "KP.10"]
[Time "13:02:16"]
[PlyCount "50"]
[TimeControl "3600+10"]

1. e4 e5 2. Nf3 d5 3. exd5 e4 4. Ne5 Qxd5 5. d4 Nf6 6. Nc3 Qd8 7. Bc4 Be6
8. Bxe6 fxe6 9. O-O Nbd7 10. Bf4 Bd6 11. Re1 Bb4 12. Qd2 Nxe5 13. Bxe5 Bxc3
14. Qxc3 Nd5 15. Qb3 O-O 16. Qxb7 Rb8 17. Qxa7 Rxb2 18. c4 Nc3 19. Qa3
Rfxf2 20. Qxc3 Rxg2+ 21. Kh1 Qh4 22. Qg3 Rxg3 23. Bxg3 Qg4 24. Rg1 Qf3+ 25.
Rg2 Qxg2# { White checkmated } 0-1

[Event "ICC tourney 2355 (60 10)"]
[Site "Internet Chess Club"]
[Date "2021.01.30"]
[Round "2"]
[White "Ninjastar16"]
[Black "augustha"]
[Result "1-0"]
[ICCResult "Black checkmated"]
[WhiteElo "1308"]
[BlackElo "624"]
[Opening "French: advance, Milner-Barry gambit"]
[ECO "C02"]
[NIC "FR.03"]
[Time "13:02:07"]
[PlyCount "65"]
[TimeControl "3600+10"]

1. e4 e6 2. d4 d5 3. e5 c5 4. c3 Nc6 5. Nf3 Qb6 6. Bd3 Nge7 7. O-O cxd4 8.
cxd4 Nxd4 9. Nxd4 Bd7 10. Nf3 Rc8 11. Qe2 Nc6 12. Nc3 Bc5 13. Na4 Qb4 14.
Nxc5 Qxc5 15. Bg5 O-O 16. Rac1 Qa5 17. a3 Rc7 18. Qc2 h6 19. Bd2 Qb6 20.
Nh4 Rfc8 21. Nf3 Nd4 22. Qb1 Nxf3+ 23. gxf3 Qd4 24. Rxc7 Rxc7 25. f4 Ba4
26. Be3 Qxe3 27. fxe3 Rc5 28. Rc1 Rxc1+ 29. Qxc1 Bc6 30. b4 b5 31. Qxc6 Kf8
32. Bxb5 Ke7 33. Qe8# { Black checkmated } 1-0

[Event "ICC tourney 2355 (60 10)"]
[Site "Internet Chess Club"]
[Date "2021.01.30"]
[Round "2"]
[White "smashattack"]
[Black "ChampChamp21"]
[Result "1-0"]
[ICCResult "Black checkmated"]
[WhiteElo "1451"]
[BlackElo "1078"]
[Opening "QGD: classical variation (5.Bf4)"]
[ECO "D37"]
[NIC "QO.04"]
[Time "13:01:58"]
[PlyCount "99"]
[TimeControl "3600+10"]

1. d4 d5 2. c4 e6 3. Nc3 Nf6 4. Nf3 Be7 5. Bf4 O-O 6. e3 Nbd7 7. c5 b6 8.
b4 bxc5 9. bxc5 Bb7 10. Rb1 Bc6 11. Bd3 Rc8 12. O-O Ne4 13. Qc2 f5 14. Ne5
Nxe5 15. Bxe5 Nxc3 16. Qxc3 Bf6 17. Bg3 Qe7 18. Rb3 Rb8 19. Rfb1 Rbc8 20.
Ba6 Rcd8 21. Bb7 Ba4 22. Ra3 Be8 23. Rxa7 Bg6 24. Rb3 Bh4 25. Be5 Qg5 26.
Bg3 Qg4 27. f3 Qh5 28. Bxc7 Rd7 29. Be5 Rdd8 30. c6 Bf6 31. Bxf6 Rxf6 32.
c7 Re8 33. c8=Q Qh4 34. Q8c7 Rf7 35. Qg3 Qd8 36. Ra8 Qd7 37. Bc6 Rxa8 38.
Bxd7 Rxd7 39. Rb8+ Rxb8 40. Qxb8+ Kf7 41. Qcc8 Kf6 42. Qxd7 Kg5 43. Qbd8+
Kh6 44. Qh4+ Bh5 45. Qf4+ g5 46. Qfd6 Bg6 47. g4 fxg4 48. fxg4 Be4 49. Qf8+
Kg6 50. Qdg7# { Black checkmated } 1-0

[Event "ICC tourney 2355 (60 10)"]
[Site "Internet Chess Club"]
[Date "2021.01.30"]
[Round "2"]
[White "santiagorondeau"]
[Black "che2468"]
[Result "0-1"]
[ICCResult "White checkmated"]
[WhiteElo "1069"]
[BlackElo "1433"]
[Opening "Sicilian: Alapin's variation (2.c3)"]
[ECO "B22"]
[NIC "SI.46"]
[Time "13:01:59"]
[PlyCount "140"]
[TimeControl "3600+10"]

1. e4 c5 2. c3 d5 3. exd5 Qxd5 4. d4 Nf6 5. Nf3 Bg4 6. Be2 e6 7. c4 Qd6 8.
O-O Be7 9. Nc3 O-O 10. Nb5 Qd8 11. h3 Bh5 12. Be3 a6 13. Nc3 cxd4 14. Nxd4
Bxe2 15. Ndxe2 Nc6 16. Qxd8 Rfxd8 17. Rfd1 Nb4 18. Rxd8+ Rxd8 19. Rc1 Nd3
20. Rd1 Nxb2 21. Rxd8+ Bxd8 22. c5 Nd3 23. Nd4 Nxc5 24. Nc6 bxc6 25. Bxc5
Nd5 26. Ne2 Be7 27. Ba7 Kf8 28. Kf1 Ke8 29. Ke1 Bb4+ 30. Kd1 Nc3+ 31. Nxc3
Bxc3 32. Kc2 Bf6 33. Kd3 Kd7 34. Bc5 Be7 35. Bb6 c5 36. Kc4 Kc6 37. Ba7 g6
38. Bb8 Bd6 39. Ba7 f5 40. g3 e5 41. f3 g5 42. a3 h5 43. a4 e4 44. fxe4
fxe4 45. g4 hxg4 46. hxg4 e3 47. Kd3 Kb7 48. Kxe3 Kxa7 49. Kd3 Kb6 50. Kc4
Ka5 51. Kb3 Be5 52. Ka3 Bc3 53. Kb3 Bb4 54. Kc4 Kxa4 55. Kd5 Ka3 56. Ke5 c4
57. Kf5 Bd2 58. Ke4 c3 59. Kd3 Kb3 60. Ke2 Bf4 61. Kd1 Kb2 62. Ke1 c2 63.
Ke2 c1=Q 64. Kf3 Qe3+ 65. Kg2 Qg3+ 66. Kf1 Qh2 67. Ke1 Kc3 68. Kf1 Be3 69.
Ke1 Qf2+ 70. Kd1 Qd2# { White checkmated } 0-1

[Event "ICC tourney 2355 (60 10)"]
[Site "Internet Chess Club"]
[Date "2021.01.30"]
[Round "2"]
[White "KenjiG"]
[Black "mimiant"]
[Result "1-0"]
[ICCResult "Black checkmated"]
[WhiteElo "952"]
[BlackElo "1217"]
[Opening "French: exchange variation"]
[ECO "C01"]
[NIC "FR.01"]
[Time "13:01:49"]
[PlyCount "81"]
[TimeControl "3600+10"]

1. e4 e6 2. d4 d5 3. exd5 exd5 4. Nf3 Nc6 5. Bd3 Bd6 6. O-O Nge7 7. Nbd2
Bg4 8. h3 Bh5 9. Re1 Qd7 10. c3 O-O-O 11. Qc2 Bg6 12. Nb3 Bxd3 13. Qxd3
Rdg8 14. Nbd2 h5 15. b4 g5 16. a4 g4 17. hxg4 hxg4 18. Ne5 Bxe5 19. dxe5
Nf5 20. Nb3 g3 21. Nc5 gxf2+ 22. Kxf2 Qe7 23. Qxf5+ Kd8 24. Nxb7+ Ke8 25.
Qf6 Qd7 26. Qf3 Rg6 27. Nc5 Qe7 28. Bf4 Rhg8 29. Rg1 Rg4 30. Rad1 f6 31.
exf6 Qxf6 32. Rde1+ Ne7 33. Bxc7 Qh6 34. Rxe7+ Kxe7 35. Re1+ Re4 36. Nxe4
Kd7 37. Qf7+ Kc6 38. b5+ Kb7 39. Nc5+ Ka8 40. Qxg8+ Qf8+ 41. Qxf8# { Black
checkmated } 1-0

[Event "ICC tourney 2355 (60 10)"]
[Site "Internet Chess Club"]
[Date "2021.01.30"]
[Round "2"]
[White "Bg71"]
[Black "cautiouscottage"]
[Result "1-0"]
[ICCResult "Black checkmated"]
[WhiteElo "1377"]
[BlackElo "1053"]
[Opening "Queen's pawn: stonewall attack"]
[ECO "D00"]
[NIC "QP.08"]
[Time "13:01:52"]
[PlyCount "141"]
[TimeControl "3600+10"]

1. d4 d5 2. e3 Nf6 3. Bd3 e6 4. f4 c6 5. Nf3 Nbd7 6. O-O Bd6 7. Ne5 O-O 8.
Nd2 c5 9. c3 b6 10. Rf3 Bb7 11. Rh3 h6 12. g4 Bxe5 13. fxe5 Ne8 14. Rg3 f6
15. exf6 Nexf6 16. Qe2 Qe7 17. b3 Rac8 18. Ba3 Qe8 19. Rf1 Nb8 20. Bb5 Bc6
21. Bd3 Qd7 22. h3 Rf7 23. dxc5 bxc5 24. Bxc5 Ba8 25. Bg6 Rxc5 26. Bxf7+
Qxf7 27. Qd3 Qc7 28. Qg6 Qxg3+ 29. Kh1 Qxh3+ 30. Kg1 Qxe3+ 31. Rf2 Qg3+ 32.
Rg2 Qe3+ 33. Rf2 Rxc3 34. Nf1 Ne4 35. Qxe6+ Kh7 36. Qf5+ Kh8 37. Qf8+ Kh7
38. Qf5+ Kg8 39. Qf7+ Kh8 40. Qf8+ Kh7 41. Nxe3 Rxe3 42. Qxb8 Nxf2 43. Kxf2
Re6 44. Qxa8 d4 45. Qd5 Rf6+ 46. Kg3 Rg6 47. Qe4 h5 48. Kh4 Kh6 49. gxh5
Rf6 50. Qxd4 Rf5 51. Qe3+ g5+ 52. Kg4 Rf4+ 53. Kg3 Kxh5 54. Qe8+ Kh6 55.
Qh8+ Kg6 56. a4 Kf5 57. Qh7+ Kf6 58. Qxa7 Kf5 59. b4 g4 60. Qc5+ Ke4 61.
Qc4+ Ke3 62. Qxf4+ Kd3 63. a5 Kc3 64. b5 Kd3 65. a6 Kc3 66. b6 Kd3 67. a7
Kc3 68. b7 Kd3 69. b8=Q Kc3 70. Qbc7+ Kd3 71. Qcc4# { Black checkmated }
1-0

[Event "ICC tourney 2355 (60 10)"]
[Site "Internet Chess Club"]
[Date "2021.01.30"]
[Round "2"]
[White "warrenl"]
[Black "cman-g"]
[Result "1/2-1/2"]
[ICCResult "Black stalemated"]
[WhiteElo "1199"]
[BlackElo "744"]
[Opening "King's gambit"]
[ECO "C30"]
[NIC "KG.05"]
[Time "13:02:15"]
[PlyCount "113"]
[TimeControl "3600+10"]

1. e4 e5 2. f4 d6 3. Nf3 Nc6 4. Bb5 exf4 5. d4 a6 6. Bxc6+ bxc6 7. Bxf4 Nf6
8. Nc3 Be7 9. O-O O-O 10. Qd3 d5 11. e5 Ng4 12. h3 Nh6 13. Bxh6 gxh6 14.
Qe3 Bg5 15. Nxg5 Qxg5 16. Qxg5+ hxg5 17. Rf6 Re8 18. Raf1 Be6 19. Na4 Rab8
20. b3 Re7 21. Nc5 Ra8 22. Nxe6 fxe6 23. R1f3 Rae8 24. Rc3 Rf8 25. Rxf8+
Kxf8 26. Rxc6 a5 27. Kf2 Kg7 28. Kg3 Kg6 29. a3 h5 30. b4 h4+ 31. Kg4 axb4
32. axb4 Re8 33. Rxc7 Rf8 34. g3 hxg3 35. Kxg3 Rb8 36. Rc6 Rxb4 37. Rxe6+
Kh5 38. Rd6 Rxd4 39. e6 Re4 40. Rxd5 Rxe6 41. Rd3 Rc6 42. c3 Rc4 43. Kf2 g4
44. hxg4+ Rxg4 45. Rd5+ Rg5 46. Rxg5+ Kxg5 47. Ke3 Kf5 48. Kd4 Ke6 49. Kc5
Kd7 50. Kd5 Kc7 51. c4 Kb8 52. Kc6 Kc8 53. c5 Kb8 54. Kb6 Kc8 55. c6 Kb8
56. c7+ Kc8 57. Kc6 { Black stalemated } 1/2-1/2

[Event "ICC tourney 2355 (60 10)"]
[Site "Internet Chess Club"]
[Date "2021.01.30"]
[Round "2"]
[White "LH2013"]
[Black "ironman31"]
[Result "1/2-1/2"]
[ICCResult "Black stalemated"]
[WhiteElo "735"]
[BlackElo "1142"]
[Opening "QGD Slav defense: exchange variation"]
[ECO "D10"]
[NIC "SL.01"]
[Time "13:02:34"]
[PlyCount "129"]
[TimeControl "3600+10"]

1. d4 d5 2. c4 c6 3. cxd5 cxd5 4. Nc3 Bf5 5. Nf3 e6 6. Bf4 Bb4 7. e3 Nc6 8.
Bb5 Qb6 9. Bxc6+ Qxc6 10. Rc1 Nf6 11. O-O Qb6 12. Qa4+ Nd7 13. Ne5 Rd8 14.
a3 Bxc3 15. bxc3 f6 16. Nxd7 Rxd7 17. Rfd1 a6 18. c4 dxc4 19. Rxc4 Qd8 20.
Rc7 b5 21. Rxd7 bxa4 22. Rxd8+ Kxd8 23. d5 Ke7 24. d6+ Kd7 25. Rc1 Rb8 26.
Rc7+ Kd8 27. h3 e5 28. Bg3 Rb6 29. Rxg7 Rxd6 30. Ra7 Bd3 31. f4 exf4 32.
exf4 Rb6 33. Bf2 Rc6 34. Be1 Rc1 35. Kf2 Rc2+ 36. Kg3 Be4 37. Rxa6 Rxg2+
38. Kh4 Ke7 39. Ra7+ Kf8 40. Rxa4 Bf5 41. Rb4 Rh2 42. Rb3 Ke7 43. a4 Kd6
44. a5 Kc6 45. Rb6+ Kc7 46. Rxf6 Rxh3+ 47. Kg5 Bg6 48. f5 Be8 49. Rh6 Rxh6
50. Kxh6 Bd7 51. f6 Be6 52. Kxh7 Kb7 53. Kg7 Ka8 54. f7 Bxf7 55. Kxf7 Ka7
56. Ke7 Ka8 57. Kd7 Ka7 58. Kc6 Ka6 59. Bb4 Ka7 60. Kb5 Ka8 61. a6 Kb8 62.
Kb6 Ka8 63. Ba5 Kb8 64. Bb4 Ka8 65. a7 { Black stalemated } 1/2-1/2

[Event "ICC tourney 2355 (60 10)"]
[Site "Internet Chess Club"]
[Date "2021.01.30"]
[Round "2"]
[White "akashiyer2012"]
[Black "DiamondUnicorn"]
[Result "0-1"]
[ICCResult "White resigns"]
[WhiteElo "762"]
[BlackElo "1149"]
[Opening "Sicilian defense"]
[ECO "B33"]
[NIC "SI.32"]
[Time "13:02:00"]
[PlyCount "66"]
[TimeControl "3600+10"]

1. e4 c5 2. Nf3 Nc6 3. d4 cxd4 4. Nxd4 Nf6 5. Nxc6 bxc6 6. Nc3 d6 7. e5
dxe5 8. Qxd8+ Kxd8 9. Be2 Ke8 10. Bf3 Bd7 11. O-O e6 12. b4 Bxb4 13. Ne2 e4
14. Bxe4 Nxe4 15. Rb1 Be7 16. Rd1 Rd8 17. Rb7 Bc5 18. Nd4 Bc8 19. Rc7 Bxd4
20. Rxd4 Rxd4 21. Rxc8+ Rd8 22. Rxd8+ Kxd8 23. Bb2 f6 24. h3 Kc7 25. f3 Nd6
26. Kh2 Rd8 27. Kg3 Nf5+ 28. Kf4 Rd2 29. g4 Nd6 30. Bc3 Rxc2 31. Ba5+ Kb7
32. Ke3 Rxa2 33. Bb4 Nc4+ { White resigns } 0-1

[Event "ICC tourney 2355 (60 10)"]
[Site "Internet Chess Club"]
[Date "2021.01.30"]
[Round "2"]
[White "NYHernandez"]
[Black "lateninthrook"]
[Result "1-0"]
[ICCResult "Black checkmated"]
[WhiteElo "1367"]
[BlackElo "822"]
[Opening "Caro-Kann: classical variation"]
[ECO "B18"]
[NIC "CK.10"]
[Time "13:01:59"]
[PlyCount "49"]
[TimeControl "3600+10"]

1. e4 c6 2. d4 d5 3. Nd2 dxe4 4. Nxe4 Bf5 5. f3 e6 6. Bf4 Qa5+ 7. c3 Qd8 8.
Bd3 Nf6 9. Ne2 Bxe4 10. fxe4 Nfd7 11. Qb3 Nc5 12. Qc2 Nxd3+ 13. Qxd3 Be7
14. O-O c5 15. Rad1 cxd4 16. cxd4 Nc6 17. Qg3 g6 18. d5 exd5 19. exd5 Nb4
20. d6 Bh4 21. Qe3+ Kf8 22. Bh6+ Kg8 23. Qd4 f6 24. Qc4+ Nd5 25. Qxd5# {
Black checkmated } 1-0

[Event "ICC tourney 2355 (60 10)"]
[Site "Internet Chess Club"]
[Date "2021.01.30"]
[Round "2"]
[White "ridikulous"]
[Black "EricCheng-131"]
[Result "0-1"]
[ICCResult "White checkmated"]
[WhiteElo "1046"]
[BlackElo "1373"]
[Opening "Ruy Lopez: modern Steinitz defense"]
[ECO "C74"]
[NIC "RL.11"]
[Time "13:01:52"]
[PlyCount "106"]
[TimeControl "3600+10"]

1. e4 e5 2. Nf3 Nc6 3. Bb5 a6 4. Ba4 d6 5. c3 Nf6 6. Bc2 Bg4 7. O-O Be7 8.
h3 Bh5 9. Re1 O-O 10. Re3 Qd7 11. d4 exd4 12. cxd4 h6 13. Nc3 Rad8 14. Rd3
d5 15. e5 Ne4 16. Bf4 Qf5 17. Bh2 Qe6 18. Re3 Nxc3 19. bxc3 Na5 20. Bd3 Nc4
21. Bxc4 dxc4 22. Rb1 b5 23. Rb2 c5 24. Rd2 cxd4 25. cxd4 Qd5 26. g4 Bg6
27. Bf4 b4 28. h4 c3 29. Rc2 Bxc2 30. Qxc2 Qe6 31. g5 Qg4+ 32. Bg3 hxg5 33.
Nh2 Qxd4 34. Qf5 gxh4 35. Nf3 Qd7 36. Qxd7 Rxd7 37. Bf4 Rd1+ 38. Re1 Rxe1+
39. Nxe1 Rd8 40. Kg2 Rd1 41. Nc2 Bc5 42. Be3 Bxe3 43. Nxe3 Rd2 44. Kh3 c2
45. Nxc2 Rxc2 46. Kxh4 Rxa2 47. Kh5 b3 48. e6 fxe6 49. f4 b2 50. f5 b1=Q
51. f6 Rg2 52. f7+ Kxf7 53. Kh4 Qh1# { White checkmated } 0-1